 Dungeon Crawl Stone Soup version 0.22-a0-580-gd5db89c (webtiles) character file.

674 varam the Charmwright (level 7, -1/44 HPs)
             Began as a Halfling Skald on July 3, 2018.
             Was an Initiate of Makhleb.
             Killed by nerve-wracking pain
             ... invoked by a shadow imp
             ... summoned by Eustachio
              (7 damage)
             ... on level 5 of the Dungeon.
             The game lasted 00:20:32 (6948 turns).

varam the Charmwright (Halfling Skald)              Turns: 6948, Time: 00:20:33

Health: -1/44      AC:  3    Str: 12    XL:     7   Next: 90%
Magic:  18/18      EV: 14    Int: 13    God:    Makhleb [......]
Gold:   309        SH:  0    Dex: 14    Spells: 4/9 levels left

rFire    . . .     SeeInvis .   a - +0 falchion
rCold    . . .     Gourm    .   (shield restricted)
rNeg     . . .     Faith    .   b - +0 leather armour
rPois    .         Spirit   .   (no helmet)
rElec    .         Reflect  .   i - scarf {cloud immunity}
rCorr    .         Harm     .   (no gloves)
MR       .....                  (no boots)
Stlth    +.........             f - amulet of magic regeneration
HPRegen  0.14/turn              m - ring of magical power
MPRegen  0.41/turn              (no ring)

@: no status effects
A: small, mutation resistance 1
a: Renounce Religion


You were on level 5 of the Dungeon.
You worshipped Makhleb.
Makhleb was noncommittal.
You were hungry.

You visited 1 branch of the dungeon, and saw 5 of its levels.
You also visited: Sewer.

You collected 309 gold pieces.

Inventory:

Hand Weapons
 a - a +0 falchion (weapon)
Missiles
 d - 41 sling bullets
 g - 8 curare-tipped needles
 h - 217 stones (quivered)
 p - 28 poisoned needles
Armour
 b - a +0 leather armour (worn)
 i - a scarf of cloud immunity (worn)
Jewellery
 f - an amulet of magic regeneration (around neck)
 m - a ring of magical power (left hand)
Wands
 k - a wand of paralysis (7)
 o - a wand of clouds (1)
 u - a wand of random effects (38)
Scrolls
 t - 3 scrolls of teleportation
 v - 4 scrolls of remove curse
 x - a scroll of noise {unknown}
 y - a scroll of magic mapping {unknown}
 z - 2 scrolls of blinking
Potions
 c - 3 potions of might
 j - a potion of lignification
 l - a potion of cancellation
 n - 2 potions of flight
 q - a potion of curing
 s - a potion of agility
 w - a potion of heal wounds
 A - a potion of resistance {unknown}
 B - a potion of haste {unknown}
Comestibles
 e - 9 rations


   Skills:
 - Level 1.7 Fighting
 + Level 6.3 Long Blades
 - Level 1.1 Armour
 - Level 2.1 Dodging
 - Level 1.5 Spellcasting
 + Level 6.7 Charms


You had 4 spell levels left.
You knew the following spells:

 Your Spells              Type           Power        Failure   Level  Hunger
a - Infusion              Chrm           ###.         2%          1    ##.....
b - Song of Slaying       Chrm           ###.....     3%          2    ###....
c - Shroud of Golubria    Chrm/Tloc      #.........   13%         2    ###....

Your spell library contained the following spells:

 Spells                   Type           Power        Failure   Level  Hunger
 Lightning Bolt           Conj/Air       #.........   100%        5    ######.
 Confuse                  Hex            #.......     71%         3    ####...
 Regeneration             Chrm/Necr      #.........   26%         3    ####...
 Shock                    Conj/Air       #...         34%         1    ##.....
 Swiftness                Chrm/Air       #.......     13%         2    ###....
 Airstrike                Air            #.........   98%         4    #####..
 Confusing Touch          Hex            #.....       34%         1    ##.....
 Metabolic Englaciation   Hex/Ice        #.........   100%        5    ######.
 Static Discharge         Conj/Air       #.......     71%         3    ####...
 Petrify                  Tmut/Erth      #.......     98%         4    #####..
 Spectral Weapon          Hex/Chrm       #.......     26%         3    ####...
 Gell's Gravitas          Tloc           #.........   71%         3    ####...
 Yara's Violent Unravell  Hex/Tmut       #.........   100%        5    ######.


Dungeon Overview and Level Annotations

Branches:
Dungeon (5/15)
 Temple: D:4-7

Altars:
Ashenzari
Dithmenos
Makhleb

Shops:
D:5 :

Annotations:
D:3 Crazy Yiuf
D:5 Eustachio


Innate Abilities, Weirdness & Mutations

You are small and have problems with some larger weapons.
You are somewhat resistant to further mutation.


Message History

You closely miss Eustachio.
Eustachio is almost dead.
The quasit misses you.
You riposte.
You hit the quasit.
The quasit is lightly wounded.
The quasit closely misses you. The quasit misses you.
Eustachio hits you with a falchion.
* * * LOW HITPOINT WARNING * * *
The river rat closely misses you.
The shadow imp hits you but does no damage.
You closely miss Eustachio.
Eustachio is almost dead.
The quasit barely misses you.
You riposte.
You barely miss the quasit.
The quasit is lightly wounded.
The quasit closely misses you.
The quasit claws you but does no damage.
The river rat completely misses you.
Eustachio gestures wildly while chanting.
The shadow imp gestures at you. Pain shoots through your body!
You die...

.# #......##..# ## .# #####
##..#####..#####. .. .....#
#### ##.##.... #.# ......#
#.#..... # .......##
#....... # ........##
##....... ## ...§.....##
#......<. .# ...§§§5...#
##........ .# .....§§§5@..#
#......... .##
.....§§§@.r(#####.........
..#
......§.......(.)..........
..##
.o........5...(.(..........
o..# ...
.........§..............
...##.#
..........§.#######..###
..S#.# >..........## #..#
.....# ..........## #[[#
....## .......## ##[# #


You could see Eustachio, 2 quasits, a river rat and a shadow imp.

Vanquished Creatures
  Menkaure (D:4)
  A centaur (D:5)
  A big kobold (Sewer)
  A scorpion (D:4)
  A bullfrog zombie (D:5)
  A hound (D:5)
  Ijyb (D:5)
  An iguana (D:5)
  3 worker ants
  A hound zombie (D:5)
  A gnoll (D:1)
  4 adders
  An ooze (D:2)
  2 worms (D:3)
  A dart slug (D:2)
  2 leopard geckos
  11 orcs
  2 giant cockroaches (D:2)
  2 goblins
  5 hobgoblins
  5 jackals
  3 quokkas
  2 ball pythons
  9 bats
  8 frilled lizards
  12 kobolds
  A quokka skeleton (D:4)
  13 rats
96 creatures vanquished.

Notes
Turn   | Place    | Note
-------+----------+-------------------------------------------
     0 | D:1      | varam the Halfling Skald began the quest for the Orb.
     0 | D:1      | Reached XP level 1. HP: 14/14 MP: 3/3
   213 | D:2      | Reached XP level 2. HP: 14/19 MP: 0/4
   223 | D:2      | Learned a level 2 spell: Song of Slaying
   375 | D:2      | Reached XP level 3. HP: 18/24 MP: 5/5
  1139 | D:1      | HP: 1/24 [gnoll/halberd (6)]
  1549 | D:2      | Reached XP level 4. HP: 26/29 MP: 6/6
  2003 | D:3      | Found a glowing drain.
  2021 | Sewer    | Entered a sewer
  2240 | Sewer    | Noticed a big kobold
  2292 | Sewer    | Killed a big kobold
  2292 | Sewer    | Reached XP level 5. HP: 11/34 MP: 0/7
  2573 | Sewer    | Found a white marble altar of Elyvilon.
  3357 | D:3      | Found a runed door.
  3361 | D:3      | Noticed Crazy Yiuf
  3503 | D:4      | Reached skill level 5 in Charms
  3503 | D:4      | Reached XP level 6. HP: 24/39 MP: 4/8
  3522 | D:4      | Learned a level 2 spell: Shroud of Golubria
  4086 | D:4      | Reached skill level 5 in Long Blades
  4612 | D:4      | Noticed Menkaure
  4647 | D:5      | Entered Level 5 of the Dungeon
  4670 | D:5      | Found a shattered altar of Ashenzari.
  4670 | D:5      | Found a burning altar of Makhleb.
  4781 | D:5      | Became a worshipper of Makhleb the Destroyer
  5114 | D:5      | Found a shadowy altar of Dithmenos.
  5115 | D:5      | Noticed Ijyb
  5141 | D:5      | Reached XP level 7. HP: 12/44 MP: 1/9
  5151 | D:5      | Killed Ijyb
  5865 | D:5      | Found Lafe's Book Emporium.
  6570 | D:4      | Killed Menkaure
  6871 | D:5      | Noticed Eustachio
  6948 | D:5      | Killed from afar by a shadow imp

Vault maps used:
D:1:      dpeg_arrival_oval
D:2:      first_ration
D:3:      kennysheep_six_static_rooms, portal_sewer_entry_d,
          uniq_crazy_yiuf_cottage
D:4:      uniq_menkaure
D:5:      grunt_dithmenos_smoke, gammafunk_temple_overflow_wave, serial_shops,
          nicolae_shop_waterfront, enter_ossuary_5, uniq_ijyb, uniq_eustachio
Sewer:    sewer_kobolds

Skill      XL: |  1  2  3  4  5  6  7 |
---------------+----------------------+-----
Charms         | 4 5 6 |  6.7
Long Blades    | 3 4 5 6 |  6.3
Fighting       | |  1.7
Armour         | |  1.1
Dodging        | |  2.1
Spellcasting   | |  1.5

Action                   |  1- 3 |  4- 6 |  7- 9 || total
-------------------------+-------+-------+-------++-------
Melee: Falchion          |   114 |   184 |    95 ||   393
Throw: Stone             |     3 |     6 |       ||     9
 Cast: Infusion          |     5 |    17 |     4 ||    26
       Song of Slaying   |     1 |     5 |     2 ||     8
       Shroud of Golubri |       |     4 |       ||     4
Evoke: Wand              |       |       |     5 ||     5
  Use: Potion            |       |     8 |     1 ||     9
       Scroll            |       |       |     7 ||     7
 Stab: Sleeping          |     1 |       |       ||     1
       Paralysed         |       |       |     5 ||     5
  Eat: Chunk             |     2 |    11 |     1 ||    14
       Ration            |       |     1 |     1 ||     2
Armor: Leather armour    |    28 |    25 |    12 ||    65
Dodge: Dodged            |   115 |   141 |    96 ||   352
       Rpst.: Falchion   |    30 |    43 |    24 ||    97

Table legend:
 A = Spawn XP
 B = Non-spawn XP
 C = Spawn XP percentage of total XP
 D = Spawn monster count
 E = Non-spawn monster count
 F = Spawn count percentage of total count
 G = Total turns spent on level
                    A         B        C        D         E        F      G
               +---------+---------+-------+---------+---------+-------+---------
         Total |       0 |     964 |   0.0 |       0 |      96 |   0.0 |  6948
               +---------+---------+-------+---------+---------+-------+---------
           D:1 |       0 |      26 |   0.0 |       0 |       9 |   0.0 |   990
           D:2 |       0 |      53 |   0.0 |       0 |      30 |   0.0 |   909
           D:3 |       0 |      62 |   0.0 |       0 |      18 |   0.0 |  1141
           D:4 |       0 |     290 |   0.0 |       0 |      10 |   0.0 |  1569
           D:5 |       0 |     426 |   0.0 |       0 |      18 |   0.0 |  1726
         Sewer |       0 |     107 |   0.0 |       0 |      11 |   0.0 |   613
               +---------+---------+-------+---------+---------+-------+---------
